 Dungeon Crawl Stone Soup version 0.20.1-1-g8b1a95d (webtiles) character file.

44 empire the Cudgeler (level 3, 0/31 HPs)
             Began as a Minotaur Fighter on Oct 6, 2017.
             Slain by a goblin
             ... wielding a +0 club
             ... led by Robin
              (4 damage)
             ... on level 2 of the Dungeon.
             The game lasted 00:02:23 (862 turns).

empire the Cudgeler (Minotaur Fighter)               Turns: 862, Time: 00:02:24

Health: 0/31       AC:  6    Str: 26    XL:     3   Next: 39%
Magic:  2/2        EV:  7    Int:  5    God:
Gold:   90         SH:  9    Dex:  9    Spells: 2/2 levels left

rFire    . . .     SeeInvis .   a - +0 flail
rCold    . . .     Gourm    .   c - +0 shield
rNeg     . . .     Faith    .   b - +0 scale mail
rPois    .         Spirit   .   (helmet restricted)
rElec    .         Reflect  .   (no cloak)
rCorr    .         Harm     .   (no gloves)
MR       .....                  (no boots)
Stlth    ..........             (no amulet)
Regen    0.1/turn               (no ring)
MPRegen  0.1/turn               (no ring)

@: mighty
A: retaliatory headbutt, horns 2
a: no special abilities


You were on level 2 of the Dungeon.
You were not hungry.

You visited 1 branch of the dungeon, and saw 2 of its levels.

You collected 90 gold pieces.

Inventory:

Hand Weapons
 a - a +0 flail (weapon)
Armour
 b - a +0 scale mail (worn)
 c - a +0 shield (worn)
Jewellery
 n - an uncursed ring of flight {unknown}
Scrolls
 e - a scroll of fog {unknown}
 h - 2 scrolls of remove curse {unknown}
 i - a scroll of enchant armour {unknown}
 m - a scroll of identify {unknown}
 p - a scroll of magic mapping {unknown}
 q - a scroll of fear {unknown}
 s - a scroll of teleportation {unknown}
Potions
 g - a potion of brilliance {unknown}
 k - a potion of berserk rage {unknown}
 o - a potion of ambrosia
 r - a potion of curing {unknown}
Comestibles
 f - 3 bread rations
 j - a fruit
 l - a meat ration


   Skills:
 - Level 3.6 Fighting
 + Level 4.6 Maces & Flails
 - Level 3.6 Armour
 - Level 3.6 Shields


You had 2 spell levels left.
You didn't know any spells.

Dungeon Overview and Level Annotations

Branches:
Dungeon (2/15)

Altars:
Vehumet

Annotations:
D:2 Robin


Innate Abilities, Weirdness & Mutations

You reflexively headbutt those who attack you in melee.
You have a pair of horns on your head.


Message History

Robin roars a battlecry!
The goblin goes into a battle-frenzy!
You miss the goblin. The goblin hits you with a dagger.
* * * LOW HITPOINT WARNING * * *
You block the goblin's attack.
Unknown command.
It was a potion of ambrosia.
You are confused.
You feel invigorated. The goblin hits you with a dagger.
* * * LOW HITPOINT WARNING * * *
The goblin barely misses you.
You feel very mighty all of a sudden. The goblin hits you but does no damage.
The goblin hits you with a club.
* * * LOW HITPOINT WARNING * * *
You closely miss the goblin.
You feel less invigorated.
You feel less confused. The goblin hits you with a dagger.
* * * LOW HITPOINT WARNING * * *
The goblin hits you with a club.
You die...

# #.#
################.#
..[......##......#
..........#......#
####.####.#......#
#.####.#......#
#...##......)g#
###.###.##.##@#
######...).##.##g#
....#####...#.##g#
....#####.#.#.##g#
..........#.#.##.#
#...#######...##.####
....# ##........#
....# #........#
....# #........#


You could see Robin, a hobgoblin and 2 goblins.

Vanquished Creatures
  2 bats
  A giant cockroach (D:1)
  10 goblins
  A hobgoblin (D:1)
  7 jackals (D:1)
  7 kobolds
  A quokka (D:2)
  A frilled lizard (D:1)
  7 rats
37 creatures vanquished.

Notes
Turn   | Place    | Note
-------+----------+-------------------------------------------
     0 | D:1      | empire the Minotaur Fighter began the quest for the Orb.
     0 | D:1      | Reached XP level 1. HP: 19/19 MP: 0/0
    38 | D:1      | Reached skill level 3 in Maces & Flails
    47 | D:1      | Reached XP level 2. HP: 19/26 MP: 1/1
   388 | D:1      | Reached skill level 4 in Maces & Flails
   654 | D:2      | Reached XP level 3. HP: 31/31 MP: 2/2
   746 | D:2      | Found a radiant altar of Vehumet.
   823 | D:2      | Noticed Robin
   862 | D:2      | Slain by a goblin

Skill      XL: |  1  2 |
---------------+-------+-----
Maces & Flails | 3 4 |  4.6
Fighting       | |  3.6
Armour         | |  3.6
Shields        | |  3.6

Action                   || total
-------------------------++-------
Melee: Flail             ||    81
       Headbutt          ||     9
  Use: Potion            ||     2
Armor: Scale mail        ||    53
Dodge: Dodged            ||    35
Block: Shield            ||    52
